 Seeded DCSS version 0.27.1-37-g7b29ead8ac (webtiles) character file.

Game seed: 20230411 (custom seed)

16 FallenWisp the Skirmisher (level 2, -1/24 HPs)
             Began as a Human Abyssal Knight on Apr 11, 2023.
             Was a Believer of Lugonu.
             Slain by a ball python (3 damage)
             ... on level 2 of the Dungeon.
             The game lasted 00:02:10 (271 turns).

FallenWisp the Skirmisher (Human Abyssal Knight)     Turns: 271, Time: 00:02:13

Health: -1/24      AC:  8    Str: 12    XL:     2   Next: 70%
Magic:  3/3        EV:  2    Int: 12    God:    Lugonu [**....]
Gold:   25         SH:  0    Dex: 12    Spells: 1/1 levels left

rFire    . . .     SeeInvis .   a - +1 falchion
rCold    . . .     Faith    .   (no shield)
rNeg     . . .     Spirit   .   c - +0 chain mail
rPois    .         Reflect  .   (no helmet)
rElec    .         Harm     .   (no cloak)
rCorr    .         Rampage  .   (no gloves)
Will     .....                  (no boots)
Stlth    ..........             (no amulet)
HPRegen  0.08/turn              (no ring)
MPRegen  0.08/turn              (no ring)

@: constricted
A: no striking features
a: Renounce Religion, Depart the Abyss, Bend Space


You were on level 2 of the Dungeon.
You worshipped Lugonu.
Lugonu was pleased with you.
You visited 1 branch of the dungeon, and saw 2 of its levels.
You visited the Abyss 1 time.

You collected 25 gold pieces.

Inventory:

Hand Weapons
 a - a +1 falchion (weapon)
 e - a +0 dagger
Armour
 b - a +0 leather armour
 c - a +0 chain mail (worn)
Scrolls
 d - a scroll of identify


   Skills:
 + Level 3.3 Fighting
 + Level 2.2 Long Blades
 + Level 2.4 Armour
 + Level 1.0 Dodging
 + Level 2.0 Invocations


You had one spell level left.
You didn't know any spells.
Your spell library was empty.

Dungeon Overview and Level Annotations

Branches:
Dungeon (2/15)

Altars:


Message History

The ball python bites you but does no damage.
The ball python constricts you. The kobold hits you but does no damage.
You hit the kobold.
You kill the kobold!
Lugonu accepts your kill.
You can now bend space around yourself.
The ball python bites you. The ball python constricts you.
The ball python bites you but does no damage.
The ball python constricts you. The adder bites you but does no damage.
You slash the adder!
The adder is severely wounded.
The ball python bites you but does no damage.
The ball python constricts you. The adder bites you.
You are poisoned.
The adder poisons you!
Your chain mail prevents you from hitting the adder.
The adder is severely wounded.
You feel sick. The adder bites you but does no damage.
The ball python bites you. The ball python constricts you. The adder bites you.
The ball python bites you.
* * * LOW HITPOINT WARNING * * *
The ball python constricts you.
You completely miss the adder.
The adder is severely wounded.
You feel sick. The adder barely misses you.
The ball python bites you but does no damage.
The ball python constricts you.
You barely miss the adder.
The adder is severely wounded.
You feel sick.
You are no longer poisoned.
The adder bites you but does no damage.
The ball python bites you but does no damage.
The ball python constricts you. The adder bites you but does no damage.
You miss the adder.
The adder is severely wounded.
The ball python bites you but does no damage.
The ball python constricts you. The adder bites you.
* * * LOW HITPOINT WARNING * * *
The ball python bites you.
You die...

.......#
#.....+
#.....#
#.....#####
#.........#
#####.###.#
#.#.<.#
#####.#.###
#.@S..#+#
#S####.....#
... .....#
#.#. .....#
#.#. .....#
# #. .....#
.. .....# #.
.....#


You could see an adder and a ball python.

Vanquished Creatures
  4 ball pythons (D:1)
  An endoplasm (D:2)
  A giant cockroach (D:1)
  A goblin (D:1)
  A kobold (D:2)
  A quokka (D:1)
  4 bats
  3 rats (D:1)
16 creatures vanquished.

Vanquished Creatures (others)
  A plant (D:2)
1 creature vanquished.

Grand Total: 17 creatures vanquished

Notes
Turn   | Place    | Note
-------+----------+-------------------------------------------
     0 | Abyss:1  | FallenWisp the Human Abyssal Knight began the quest for the
                  | Orb.
     0 | Abyss:1  | Reached XP level 1. HP: 18/18 MP: 2/2
    31 | D:1      | Escaped the Abyss
   118 | D:1      | Reached XP level 2. HP: 13/24 MP: 3/3
   266 | D:2      | Reached ** piety under Lugonu
   271 | D:2      | Slain by a ball python

Illustrated notes

Levels and vault maps discovered:
D:1:      sevenhm_arrival_forest_fort_small_3, layout_rooms,
          minmay_misc_feat_secret_circle, minmay_surrounded
D:2:      layout_basic, shapermc_ecumenical_altar_gd, uniq_sigmund, uniq_natasha

Action                   || total
-------------------------++-------
Melee: Falchion          ||    50
  Use: Scroll            ||     1
Armor: Chain mail        ||    64
       Leather armour    ||     4
Dodge: Dodged            ||    32
       Rpst.: Falchion   ||     5
